 Dungeon Crawl Stone Soup version 0.14-a0-1444-g21dc12d (webtiles) character file.

63 Piginabag the Magician (level 2, 0/19 HPs)
             Began as a Mummy Wizard on Dec 13, 2013.
             Slain by a hobgoblin
             ... wielding a -1,+1 orcish club
              (5 damage)
             ... on Level 1 of the Dungeon.
             The game lasted 00:03:30 (1131 turns).

Piginabag the Magician (Mummy Wizard)               Turns: 1131, Time: 00:03:31

HP   0/19        AC  2     Str 10      XL: 2   Next: 37%
MP   1/6         EV 12     Int 17      God:
Gold 47          SH  0     Dex 10      Spells:  1 memorised,  6 levels left

rFire  x . .     SeeInvis .     (no weapon)
rCold  + . .     Clarity  .     a - +0 robe
rNeg   + + +     Conserve .     (no shield)
rPois  +         rCorr    .     b - +0 wizard hat
rElec  .         rRot     +     (no cloak)
SustAb + .       Spirit   .     (no gloves)
rMut   .         Warding  .     (no boots)
Saprov . . .     Stasis   .     (no amulet)
                                (no ring)
                                h - ring of sustain abilities

@: slightly resistant to hostile enchantments, unstealthy
A: no food or potions, fire vulnerability, restore body, cold resistance 1, life
protection 3, poison resistance, torment resistance, unbreathing
a: no special abilities


You were on level 1 of the Dungeon.
You were not hungry.

You visited 1 branch of the dungeon, and saw 1 of its levels.

You collected 47 gold pieces.

Inventory:

Armour
 a - a +0 robe (worn)
 b - a +0 wizard hat (worn)
Scrolls
 f - a scroll of remove curse {unknown}
 g - 2 scrolls of fear {unknown}
Jewellery
 h - a ring of sustain abilities (left hand)
Books
 c - a book of Minor Magic

   Spells                             Type                      Level
   *Magic Dart                        Conjuration                  1
   Blink                              Translocation                2
   Call Imp                           Summoning                    2
   Repel Missiles                     Charms/Air                   2
   Slow                               Hexes                        2
   Conjure Flame                      Conjuration/Fire             3
   Mephitic Cloud                     Conjuration/Poison/Air       3


   Skills:
 + Level 1.6 Dodging
 + Level 1.8 Stealth
 + Level 3.4 Spellcasting
 + Level 1.0 Conjurations
   Level 0.7 Summonings
   Level 0.7 Translocations


You had 6 spell levels left.
You knew the following spells:

 Your Spells              Type           Power        Failure   Level  Hunger
a - Magic Dart            Conj           #...         14%         1    N/A

Dungeon Overview and Level Annotations

Branches:
Dungeon (1/16)

Altars:


Innate Abilities, Weirdness & Mutations

You do not eat or drink.
Your flesh is vulnerable to fire.
Your flesh is cold resistant.
You are immune to negative energy.
Your system is resistant to poisons.
You are immune to unholy pain and torment.
You can survive without breathing.


Message History

Aim: a kobold, wielding a whip (moderately wounded)
The magic dart hits the kobold.
The kobold is almost dead.
The bat closely misses you. The kobold closely misses you.
The bat hits you but does no damage. The bat hits you but does no damage.
The bat hits you but does no damage.
Your magical contamination has completely faded away.
The bat hits you.
* * * LOW HITPOINT WARNING * * *
Casting: Magic Dart
Confirm with . or Enter, or press ? or * to list all spells.
Aiming: Magic Dart
Press: ? - help, Shift-Dir - straight line, f/p - kobold
Aim: a kobold, wielding a whip (almost dead)
The magic dart hits the kobold.
You kill the kobold!
The bat misses you.
The hobgoblin hits you with an orcish club.
You die...

#.##≈≈≈#..#≈≈≈........# #.# #
#.##≈≈≈#.<#≈≈§.§......# #.# #
#)##≈≈≈####≈≈≈§.......###.# #
#.##≈§8≈≈≈≈8≈≈#...)....##.# #
#.##≈8≈§§≈≈≈8≈#........##.#
#.##≈≈§≈§≈≈≈≈≈#........##.#
#.#############........##.#######
#.# #gb).....##........ ..#
#.@....#.########## ###
########......#.# # ####
#...............# # ...#
#...............########## ##.#
#(..............##.......# .#.#
########.......###.......# .#.#
#.................# K#.#
###.#######.......# .#.#
#.#######.......#


You could see a hobgoblin and a bat.

Vanquished Creatures
  A giant gecko (D:1)
  A goblin (D:1)
  3 hobgoblins (D:1)
  A bat (D:1)
  6 kobolds (D:1)
  3 rats (D:1)
15 creatures vanquished.

Notes
Turn   | Place    | Note
--------------------------------------------------------------
     0 | D:1      | Piginabag, the Mummy Wizard, began the quest for the Orb.
     0 | D:1      | Reached XP level 1. HP: 13/13 MP: 4/4
   570 | D:1      | Reached XP level 2. HP: 19/19 MP: 3/6
  1049 | D:1      | Reached skill level 1 in Conjurations
  1131 | D:1      | Slain by a hobgoblin

Action                   || total
-------------------------++-------
Melee: Unarmed           ||    12
 Cast: Magic Dart        ||    44
  Use: Scroll            ||     2
